 Dungeon Crawl Stone Soup version 0.30-a0-46-g5a63ccc183 (webtiles) character file.

Game seed: 8230328654525532972

95 MrFrogsmire the Trooper (level 4, -4/40 HPs)
             Began as a Draconian Berserker on Sept 2, 2022.
             Was a Follower of Trog.
             Slain by an ogre
             ... wielding a +0 giant club
              (12 damage)
             ... on level 4 of the Dungeon.
             The game lasted 00:07:16 (1035 turns).

MrFrogsmire the Trooper (Draconian Berserker)       Turns: 1035, Time: 00:07:17

Health: -4/40      AC:  5    Str: 21    XL:     4   Next: 39%
Magic:  4/4        EV: 12    Int:  7    God:    Trog [*.....]
Gold:   54         SH:  0    Dex: 11    Spells: 3/3 levels left

rFire   . . .      SeeInvis .    e - +1 whip (flame)
rCold   . . .      Faith    .    (no shield)
rNeg    . . .      Spirit   .    (body armour unavailable)
rPois   .          Reflect  .    (helmet restricted)
rElec   .          Harm     .    (no cloak)
rCorr   .          Rampage  .    (no gloves)
Will    .....                    (no boots)
Stlth   +.........               (no amulet)
HPRegen 0.13/turn                (no ring)
MPRegen 0.09/turn                (no ring)

@: no status effects
A: AC +5, unfitting armour, cold-blooded
a: Renounce Religion, Berserk


You were on level 4 of the Dungeon.
You worshipped Trog.
Trog was aware of your devotion.
You visited 1 branch of the dungeon, and saw 3 of its levels.

You collected 54 gold pieces.

Inventory:

Hand Weapons
 e - a +1 whip of flaming (weapon)
Missiles
 f - 3 javelins (quivered)
Armour
 c - a +0 robe
Scrolls
 a - a scroll of poison {unknown}
 b - 2 scrolls of noise {unknown}
 g - a scroll of identify {unknown}
 h - 2 scrolls of teleportation {unknown}
Potions
 d - a potion of haste {unknown}
 i - a potion of heal wounds {unknown}


   Skills:
 + Level 4.1 Fighting
 + Level 3.5(3.7) Axes
 + Level 1.1(2.5) Maces & Flails
 + Level 0.4(0.9) Staves
 + Level 0.5 Throwing
 + Level 3.3 Dodging
 + Level 0.1 Stealth


You had 3 spell levels left.
You didn't know any spells.
Your spell library contained the following spells:

 Spells                   Type           Power      Damage    Failure   Level
 Apportation              Tloc           0%         N/A       43%         1
 Necrotise                Necr           0%         1d4       43%         1
 Summon Small Mammal      Summ           0%         N/A       43%         1


Dungeon Overview and Level Annotations

Branches:
Dungeon (4/15)
 Temple: D:4-7

Altars:

Shops:
D:2 **=(


Innate Abilities, Weirdness & Mutations

Your plain brown scales are hard. (AC +5)
You cannot fit into any form of body armour.
You are cold-blooded and may be slowed by cold attacks.


Message History

The ufetubus hits you.
* * * LOW HITPOINT WARNING * * *
The ufetubus hits you but does no damage.
The ufetubus attacks as you move away! The ufetubus closely misses you.
The ufetubus barely misses you.
The ufetubus hits you but does no damage.
The ufetubus closely misses you. The ufetubus barely misses you.
The ufetubus hits you but does no damage.
The ufetubus misses you. The ufetubus hits you.
* * * LOW HITPOINT WARNING * * *
The ufetubus attacks as you move away! The ufetubus hits you.
* * * LOW HITPOINT WARNING * * *
The ufetubus hits you but does no damage.
The ufetubus misses you.
The ufetubus hits you but does no damage.
You miss the ufetubus. The ufetubus hits you.
* * * LOW HITPOINT WARNING * * *
The ufetubus hits you but does no damage.
You barely miss the ufetubus. The ufetubus barely misses you. x2
The ufetubus hits you but does no damage.
The ufetubus closely misses you.
You miss the ufetubus. The ufetubus closely misses you.
The ufetubus hits you but does no damage.
You hit the ufetubus. You burn the ufetubus.
The ufetubus is heavily wounded.
The ufetubus barely misses you. The ufetubus hits you.
* * * LOW HITPOINT WARNING * * *
The ufetubus barely misses you. The ufetubus completely misses you.
You barely miss the ufetubus.
The ufetubus is moderately wounded.
The ufetubus closely misses you. The ufetubus hits you.
* * * LOW HITPOINT WARNING * * *
You hit the ufetubus. You burn the ufetubus.
You kill the ufetubus!
Trog accepts your kill. The ogre attacks as you move away! The ogre misses you.
The ogre attacks as you move away! The ogre barely misses you.
The ogre attacks as you move away! The ogre hits you with a +0 giant club!
You die...

########.#####
#..........>.#
#.######.###.#
#[# #.# #.#
#.# #.# #.#
#.# ###B# #.#
#.# #...# #.#
#.####B#####.#
#.......O@...#
######.#######
#.# #.# #.##
#..# ##.# #.#
#.#


You could see an ogre and a giant cockroach.

Vanquished Creatures
  A phantom (D:4)
  An ufetubus (D:4)
  A ball python (D:1)
  2 endoplasms (D:1)
  3 giant cockroaches (D:1)
  3 bats
  3 frilled lizards (D:1)
  2 goblins (D:1)
  2 kobolds (D:1)
  2 rats
20 creatures vanquished.

Notes
Turn   | Place    | Note
-------+----------+-------------------------------------------
     0 | D:1      | MrFrogsmire the Draconian Berserker began the quest for the
                  | Orb.
     0 | D:1      | Reached XP level 1. HP: 19/19 MP: 1/1
   155 | D:1      | Reached XP level 2. HP: 26/26 MP: 2/2
   542 | D:2      | Found Feasm's General Store.
   558 | D:2      | Found Faj Puqy's General Store.
   859 | D:2      | Found Igur's Jewellery Shoppe.
   868 | D:2      | Found Nueba's Weapon Shop.
   894 | D:2      | You fall into a shaft and drop 2 floors!
   919 | D:4      | Noticed a phantom
   938 | D:4      | Killed a phantom
   939 | D:4      | Reached skill level 4 in Fighting
   939 | D:4      | Reached skill level 1 in Maces & Flails
   939 | D:4      | Reached XP level 3. HP: 4/33 MP: 3/3
   939 | D:4      | Reached XP level 4. HP: 4/40 MP: 4/4
  1003 | D:4      | Noticed an ogre
  1035 | D:4      | Slain by an ogre

Illustrated notes

Levels and vault maps discovered:
D:1:      dpeg_arrival_pits, layout_loops_corners
D:2:      layout_loops_ring, serial_shops, shop_statue, nicolae_shop_stone,
          nicolae_shop_competitors_out_of_business, shop, shop, st_stairs_5,
          kennysheep_cross_bottleneck
D:4:      layout_loops_ring, st_stairs_5, uniq_crazy_yiuf_cottage

Skill      XL: |  1  2 |
---------------+-------+-----
Fighting       | 4 |  4.1
Maces & Flails | 1 |  1.1
Dodging        | 3 |  3.3
Axes           | |  3.5
Staves         | |  0.4
Throwing       | |  0.5
Stealth        | |  0.1

Action                   |  1- 3 |  4- 6 || total
-------------------------+-------+-------++-------
Melee: Hand axe          |    11 |       ||    11
       Quarterstaff      |    10 |       ||    10
       Tailslap          |     2 |       ||     2
       Whip              |    29 |     6 ||    35
Throw: Stone             |    13 |       ||    13
       Javelin           |     3 |       ||     3
 Stab: Sleeping          |     1 |       ||     1
Armor: Skin              |    24 |     8 ||    32
Dodge: Dodged            |    61 |    16 ||    77

Table legend: (Time is in decaauts)
 A = Elapsed time spent in this place.
 B = Non-inter-level travel time spent in this place.
 C = Inter-level travel time spent in this place.
 D = Time resting spent in this place.
 E = Time spent auto-exploring this place.
 F = Levels seen in this place.
 G = Mean time per level.
                   A        B        C        D        E       F      G
               +--------+--------+--------+--------+--------+-----+--------+
         Total |   1040 |    202 |    838 |      0 |      0 |   3 |  346.7 |
       Dungeon |   1040 |    202 |    838 |      0 |      0 |   3 |  346.7 |
               +--------+--------+--------+--------+--------+-----+--------+

Top non-repeatable levels by time:
     D:1: 546 daAuts
     D:2: 351 daAuts
     D:4: 142 daAuts
